 Dungeon Crawl Stone Soup version 0.30.0-5-g1a98f26d00 (webtiles) character file.

Game seed: 11792907557273968964

81 CoinPitGoblin the Caller (level 4, -16/31 HPs)
             Began as a Demonspawn Summoner on May 11, 2023.
             Killed from afar by a gnoll (24 damage)
             ... with a bolt of acid
             ... on level 3 of the Dungeon.
             The game lasted 00:07:21 (2164 turns).

CoinPitGoblin the Caller (Demonspawn Summoner)      Turns: 2164, Time: 00:07:21

Health: -16/31     AC:  1    Str:  8    XL:     4   Next: 20%
Magic:  6/8        EV:  6    Int: 18    God:
Gold:   62         SH:  0    Dex: 14    Spells: 3/8 levels left

rFire   . . .        h - +2 dagger (protect)
rCold   . . .        (no shield)
rNeg    . . .        a - +0 robe
rPois   .            (helmet restricted)
rElec   .            (no cloak)
rCorr   .            g - +2 pair of gloves
SInv    .            (no boots)
Will    .....        (no amulet)
Stlth   ++           (no ring)
HPRegen 0.25/turn    (no ring)
MPRegen 0.11/turn

%: no passive effects
@: corroded, held
A: horns 1
a: no special abilities


You were on level 3 of the Dungeon.
You visited 1 branch of the dungeon, and saw 3 of its levels.

You collected 62 gold pieces.

Inventory:

Hand Weapons
 h - a +2 dagger of protection (weapon)
Armour
 a - a +0 robe (worn)
 g - a +2 pair of gloves (worn)
Scrolls
 k - a scroll of fog {unknown}
 l - a scroll of enchant weapon {unknown}
 m - 2 scrolls of torment {unknown}
 n - a scroll of identify
Potions
 b - a potion of magic
 c - a potion of heal wounds
 d - 2 potions of flight {unknown}
 e - a potion of mutation {unknown}
 f - a potion of degeneration {unknown}
 i - a potion of curing {unknown}
 j - a potion of attraction {unknown}


   Skills:
 + Level 0.3 Fighting
 + Level 2.2 Dodging
 - Level 1.7 Stealth
 + Level 2.7 Spellcasting
 + Level 5.0 Summonings


You had 3 spell levels left.
You knew the following spells:

 Your Spells              Type           Power      Damage    Failure   Level
a - Call Imp              Summ           40%        N/A       3%          2
b - Summon Guardian Gole  Hex/Summ       11%        N/A       19%         3

Your spell library contained the following spells:

 Spells                   Type           Power      Damage    Failure   Level
 Summon Small Mammal      Summ           80%        N/A       2%          1
 Call Canine Familiar     Summ           20%        N/A       6%          3
 Summon Lightning Spire   Summ/Air       11%        N/A       52%         4


Dungeon Overview and Level Annotations

Branches:
Dungeon (3/15)

Altars:

Annotations:
D:2 Sigmund


Innate Abilities, Weirdness & Mutations

You have a pair of small horns on your head.


Message History

You swap places.
Your cerulean imp hits the gnoll but does no damage.
The gnoll throws a throwing net.
The throwing net misses your cerulean imp.
The throwing net hits you.
You become entangled in the net!
You see here a throwing net.
Your cerulean imp hits the gnoll with a -3 spear.
The gnoll barely misses your cerulean imp.
Your cerulean imp hits the gnoll but does no damage.
The gnoll closely misses your cerulean imp.
Your cerulean imp barely misses the gnoll.
The gnoll barely misses your cerulean imp.
Your cerulean imp hits the gnoll with a -3 spear.
The gnoll hits your cerulean imp with a +0 club.
You struggle against the net.
Your cerulean imp completely misses the gnoll.
The gnoll zaps a wand.
The bolt of acid hits your cerulean imp!!
The acid corrodes your cerulean imp!
Your cerulean imp dies!
Your cerulean imp disappears in a puff of smoke!
The bolt of acid hits you!
* * * LOW HITPOINT WARNING * * *
The acid corrodes you!
Casting: Call Imp (safe; 3% risk of failure)
Press: ? - help, Q - select action Dir - look around, f - activate A tiny devil pulls itself out of the air.
The gnoll closely misses your cerulean imp.
The gnoll closely misses your cerulean imp.
Your cerulean imp barely misses the gnoll.
The gnoll hits your cerulean imp with a +0 club!
Your cerulean imp hits the gnoll with a -2 spear.
The gnoll closely misses your cerulean imp.
Your cerulean imp hits the gnoll but does no damage.
The gnoll hits your cerulean imp with a +0 club!
Your cerulean imp dies!
Your cerulean imp disappears in a puff of smoke!
The gnoll zaps a wand.
The bolt of acid hits you!!
Ouch! That really hurt!
You die...

.....S..........
#..g.g..........
..g.............
.....#...<......
#...............
#............
#..<........
######g.......
#..@.).##.....
......######
.... .#### ##


You could see a gnoll.

Vanquished Creatures
  3 gnolls (D:3)
  2 dart slugs
  2 ball pythons (D:2)
  3 endoplasms
  2 giant cockroaches (D:1)
  A goblin (D:1)
  2 hobgoblins
  3 jackals (D:1)
  4 kobolds
  2 bats (D:1)
  2 rats
26 creatures vanquished.

Vanquished Creatures (collateral kills)
  A giant cockroach (D:1)
  3 goblins
  2 hobgoblins (D:1)
  5 jackals (D:1)
  A quokka (D:1)
  3 ball pythons
  A kobold (D:2)
16 creatures vanquished.

Grand Total: 42 creatures vanquished

Notes
Turn   | Place    | Note
-------+----------+-------------------------------------------
     0 | D:1      | CoinPitGoblin the Demonspawn Summoner began the quest for
                  | the Orb.
     0 | D:1      | Reached XP level 1. HP: 13/13 MP: 3/3
   280 | D:1      | Gained mutation: You have a pair of small horns on your
                  | head. [demonic ancestry]
   280 | D:1      | Reached XP level 2. HP: 18/19 MP: 0/5
   301 | D:1      | Learned a level 2 spell: Call Imp
   680 | D:1      | Reached XP level 3. HP: 24/24 MP: 3/6
  1572 | D:2      | Noticed Sigmund
  1736 | D:1      | Learned a level 3 spell: Summon Guardian Golem
  2139 | D:3      | Reached XP level 4. HP: 25/30 MP: 5/8
  2148 | D:3      | Reached skill level 5 in Summonings
  2164 | D:3      | Killed from afar by a gnoll

Illustrated notes

Levels and vault maps discovered:
D:1:      ncdulo_watergridlock, layout_basic, serial_glass, glass_columns_c,
          glass_columns_a
D:2:      layout_loops_ring, shapermc_ecumenical_altar_totnotflames,
          minmay_pentomino_pile, uniq_sigmund
D:3:      layout_rooms, grunt_nemelex_the_gamble, minmay_bisected, uniq_natasha

Skill      XL: |  1  2  3  4 |
---------------+-------------+-----
Dodging        | 2 |  2.2
Summonings     | 5 |  5.0
Fighting       | |  0.3
Stealth        | |  1.7
Spellcasting   | |  2.7

Action                     |  1- 3 |  4- 6 || total
---------------------------+-------+-------++-------
  Melee: Unarmed           |    16 |       ||    16
         Dagger            |    94 |    12 ||   106
         Headbutt          |    12 |     2 ||    14
   Cast: Summon Small Mamm |    16 |       ||    16
         Call Imp          |    21 |     1 ||    22
    Use: Scroll            |     4 |       ||     4
   Stab: Distracted        |     1 |       ||     1
         Sleeping          |     1 |       ||     1
 Armour: Robe              |    33 |     3 ||    36
  Dodge: Dodged            |    96 |     5 ||   101
